 Dungeon Crawl Stone Soup version 0.27-a0-416-gca2cecf3c0 (webtiles) character file.

Game seed: 18106310076519772350

51721 dickylongcocking the Spry (level 14, -3/108 HPs)
             Began as a Merfolk Monk on Feb 25, 2021.
             Was an Elder of Hepliaklqana.
             Slain by an entropy weaver (15 damage)
             ... on level 4 of the Lair of Beasts.
             The game lasted 00:25:12 (24548 turns).

dickylongcocking the Spry (Merfolk Monk)           Turns: 24548, Time: 00:25:13

Health: -3/108     AC:  1    Str: 20    XL:     14   Next: 60%
Magic:  18/22      EV: 19    Int:  9    God:    Hepliaklqana [****..]
Gold:   756        SH:  5    Dex: 21    Spells: 13/13 levels left

rFire    + + .     SeeInvis .   a - +0 glaive (vorpal)
rCold    + . .     Faith    .   (shield currently unavailable)
rNeg     . . .     Spirit   .   Y - +3 chain mail
rPois    .         Reflect  +   (no helmet)
rElec    .         Harm     .   (no cloak)
rCorr    +         Rampage  .   F - +0 pair of gloves
Will     +....                  C - +0 pair of boots
Stlth    ..........             q - amulet of reflection
HPRegen  0.28/turn              X - ring of the Duke {*Contam rF+ rCorr Str+5 Dex+3}
MPRegen  0.18/turn              L - ring of Eptiuto {*Drain rF+ rC+ Slay+2}

@: corroded
A: change form in water, swift swim, stealthy swim, reduced essence
a: Renounce Religion, Recall Ancestor, Ancestor Identity, Transference, Idealise


You were on level 4 of the Lair of Beasts.
You worshipped Hepliaklqana.
Hepliaklqana was greatly pleased with you.
You visited 3 branches of the dungeon, and saw 20 of its levels.
You also visited: Ossuary.

You collected 1215 gold pieces.
You spent 459 gold pieces at shops.

Inventory:

Hand Weapons
 a - a +0 vorpal glaive (weapon)
 h - a +5 spear of flaming
 r - a +0 trident
Missiles
 j - 20 boomerangs (quivered)
 U - 5 boomerangs of dispersal
Armour
 b - a +0 robe
 f - a +3 leather armour
 m - a +1 scale mail
 C - a +0 pair of boots (worn)
 F - a +0 pair of gloves (worn)
 Y - a +3 chain mail (worn)
Jewellery
 e - a ring of fire
 o - a +4 ring of slaying
 p - a ring of wizardry
 q - an amulet of reflection (around neck)
 y - a +6 ring of intelligence
 I - a ring of poison resistance
 L - the ring of Eptiuto (right hand) {*Drain rF+ rC+ Slay+2}
   (You bought it in a shop on level 4 of the Dungeon)

   [ring of protection from cold]

   It affects your accuracy and damage with ranged weapons and melee attacks
   (+2).
   It protects you from fire.
   It protects you from cold.
   It causes draining when unequipped.
 N - a +6 ring of strength
 O - the ring of Zathamim {Ice rN+}
   (You found it on level 1 of the Lair of Beasts)

   [ring of ice]

   It enhances your ice magic.
   It makes you vulnerable to fire.
   It protects you from cold.
   It protects you from negative energy.
 T - an amulet of regeneration
 V - a ring of protection from fire
 X - the ring of the Duke (left hand) {*Contam rF+ rCorr Str+5 Dex+3}
   (You found it on level 2 of the Lair of Beasts)

   [ring of resist corrosion]

   It affects your strength (+5).
   It affects your dexterity (+3).
   It protects you from fire.
   It causes magical contamination when unequipped.
   It provides partial protection from all sources of acid and corrosion.
 Z - a +6 ring of intelligence
Wands
 k - a wand of digging (5)
 w - a wand of paralysis (8)
 H - a wand of flame (29)
 Q - a wand of random effects (10)
Scrolls
 c - 3 scrolls of fog
 g - 7 scrolls of teleportation
 i - 2 scrolls of enchant weapon
 l - 3 scrolls of immolation
 s - 3 scrolls of enchant armour
 t - 2 scrolls of brand weapon
 M - 3 scrolls of amnesia
 R - a scroll of magic mapping
 W - a scroll of acquirement {unknown}
Potions
 d - 3 potions of attraction
 n - 3 potions of flight
 u - a potion of invisibility
 v - 3 potions of brilliance
 x - 4 potions of resistance {unknown}
 z - 3 potions of curing
 A - 2 potions of haste
 B - 2 potions of cancellation
 D - 3 potions of mutation {unknown}
 E - 3 potions of magic {unknown}
 G - a potion of lignification
 K - a potion of ambrosia {unknown}
 S - a potion of might {unknown}
Miscellaneous
 P - a phantom mirror (inert)


   Skills:
 * Level 14.3 Fighting
 * Level 12.3 Polearms
 * Level 8.9 Armour
 * Level 15.7 Dodging
 - Level 2.1 Stealth
 * Level 11.7 Invocations


You had 13 spell levels left.
You didn't know any spells.
Your spell library contained the following spells:

 Spells                   Type           Power        Failure   Level
 Animate Skeleton         Necr           0%           97%         1
 Apportation              Tloc           0%           97%         1
 Beastly Appendage        Tmut           0%           97%         1
 Corona                   Hex            0%           97%         1
 Foxfire                  Conj/Fire      0%           97%         1
 Freeze                   Ice            0%           97%         1
 Magic Dart               Conj           0%           97%         1
 Summon Small Mammal      Summ           0%           97%         1
 Blink                    Tloc           N/A          99%         2
 Call Imp                 Summ           0%           99%         2
 Searing Ray              Conj           0%           99%         2
 Slow                     Hex            0%           99%         2
 Sublimation of Blood     Necr           0%           99%         2
 Wereblood                Tmut           0%           99%         2
 Conjure Flame            Conj/Fire      0%           100%        3
 Dazzling Flash           Conj/Hex       0%           100%        3
 Frozen Ramparts          Ice            0%           100%        3
 Ignite Poison            Fire/Tmut/Pois 0%           100%        3
 Inner Flame              Hex/Fire       0%           100%        3
 Mephitic Cloud           Conj/Pois/Air  0%           100%        3
 Ozocubu's Armour         Ice            0%           100%        3
 Spider Form              Tmut/Pois      0%           100%        3
 Animate Armour           Summ/Erth      0%           100%        4
 Fulminant Prism          Conj/Hex       0%           100%        4
 Hailstorm                Conj/Ice       0%           100%        4
 Ice Form                 Ice/Tmut       0%           100%        4
 Iskenderun's Mystic Bla  Conj/Tloc      0%           100%        4
 Leda's Liquefaction      Hex/Erth       0%           100%        4
 Petrify                  Tmut/Erth      0%           100%        4
 Sticky Flame             Conj/Fire      0%           100%        4
 Summon Ice Beast         Ice/Summ       0%           100%        4
 Alistair's Intoxication  Tmut/Pois      0%           100%        5
 Blade Hands              Tmut           0%           100%        5
 Bolt of Magma            Conj/Fire/Erth 0%           100%        5
 Fireball                 Conj/Fire      0%           100%        5
 Irradiate                Conj/Tmut      0%           100%        5
 Eringya's Noxious Bog    Tmut/Pois      0%           100%        6
 Iron Shot                Conj/Erth      0%           100%        6
 Statue Form              Tmut/Erth      0%           100%        6
 Shatter                  Erth           0%           100%        9


Dungeon Overview and Level Annotations

Branches:
Dungeon (15/15)            Temple (1/1) D:5            Lair (4/6) D:9
  Swamp (0/4) Lair:2       Spider (0/4) Lair:4          Orc (0/2) D:9
Ossuary (visited)
 Vaults: D:13-14     Depths: D:15

Altars:
Ashenzari
Cheibriados
Dithmenos
Elyvilon
Fedhas
Gozag
Hepliaklqana
Kikubaaqudgha
Makhleb
Nemelex Xobeh
Okawaru
Qazlal
Ru
Sif Muna
Trog
Uskayaw
Vehumet
Wu Jian
Xom
Yredelemnul
Zin
The Shining One

Shops:
D:4 =   D:6 *   D:12 (

Annotations:
Lair:1 2 transporters, Rirgh's ghost, journeyman GrEE


Message History

You could not reach far enough!
The entropy weaver hits your entropy weaver!
Your entropy weaver dies!
Your entropy weaver's corpse shimmers and vanishes!
Unknown command.
Reach: a) +0 glaive (vorpal)
Press: ? - help, Dir - move target, f/p - entropy weaver
Aim: an entropy weaver (thin mist, almost dead, unaware, hasn't noticed you, about 37% to evade your +0 vorpal glaive)
You reach to attack!
The entropy weaver shouts!
You hit the entropy weaver.
The entropy weaver is almost dead.
The entropy weaver points at you and mumbles some strange words.
The entropic weave corrodes you!
Unknown command.
Press: ? - help, v - describe, . - travel
Here: an entropy weaver (thin mist, almost dead)
The floor, spattered with blood.
Unknown command.
Okay, then.
Press: ? - help, v - describe, . - travel
Here: an entropy weaver (thin mist, almost dead)
The floor, spattered with blood.
Okay, then.
You miss the entropy weaver.
The entropy weaver is almost dead.
The entropy weaver points at you and mumbles some strange words.
The entropic weave corrodes you!
You hit the entropy weaver but do no damage.
The entropy weaver is almost dead.
The entropy weaver gestures at you while chanting.
The entropic weave corrodes you!
You closely miss the entropy weaver.
The entropy weaver is almost dead.
The entropy weaver hits you.
* * * LOW HITPOINT WARNING * * *
The entropy weaver hits you!
* * * LOW HITPOINT WARNING * * *
The entropy weaver hits you!
You die...

#.# # #.# ### #.# ##.. #.# #...
#.# #... #.# #... #.# #...
#÷######## #(.. #.@B§÷.... #...
### ###################...
###P######......# #.......#
###....#.##P......#### ##........
#...<..............#.###.........
#..................#...##........
#..................#.>.^##.......
#..................#...^.##......
#..................##.^^.^#......


You could see an entropy weaver.

Vanquished Creatures
  7 hydras
  A vault guard (D:13)
  The ghost of rednaxela the Impaler, a journeyman FoAK of Lugonu (D:11)
  A catoblepas (Lair:3)
  A two-headed ogre (D:8)
  A death yak (Lair:3)
  2 fire crabs (Lair:4)
  3 skeletal warriors
  A wolf spider zombie (D:13)
  A cyclops (D:11)
  2 wolf spiders (Lair:4)
  An ugly thing (D:11)
  A manticore (D:15)
  6 cane toads
  3 black mambas
  2 torpor snails
  3 centaur skeletons
  3 rime drakes
  A komodo dragon (Lair:1)
  A guardian mummy (D:13)
  A polar bear (Lair:4)
  4 blink frogs (Lair:3)
  A centaur simulacrum (D:13)
  2 redbacks (Lair:4)
  3 wyverns
  21 yaks
  2 basilisks (Lair:3)
  A swamp worm (Lair:2)
  10 water moccasins
  An acid dragon (D:7)
  A hornet zombie (D:13)
  An ice beast (D:11)
  A black bear (Lair:3)
  3 orc warriors
  3 sky beasts
  5 ogres
  14 wolves
  3 centaurs
  2 kobold brigands
  14 bullfrogs
  7 scorpions
  3 killer bees (D:11)
  2 howler monkeys (D:8)
  11 wights
  An electric eel (Lair:2)
  2 bullfrog zombies
  A human zombie (Ossuary)
  A quasit (D:10)
  4 centaur zombies
  4 orc priests
  3 hounds
  2 bullfrog skeletons
  2 jellies
  4 iguanas
  4 orc wizards
  11 worker ants
  A hound zombie (D:7)
  A hound skeleton (D:6)
  3 mummies
  3 gnolls
  2 scorpion zombies (Ossuary)
  7 adders
  A shadow imp (D:6)
  A white imp (D:8)
  4 ufetubi
  7 dart slugs
  A leopard gecko (D:1)
  18 orcs
  A ball python (D:1)
  8 giant cockroaches
  12 goblins
  8 hobgoblins
  19 jackals
  8 kobolds
  2 quokkas
  4 bats
  A frilled lizard (D:2)
  A gnoll zombie (Ossuary)
  5 goblin zombies (Ossuary)
  2 hobgoblin zombies (Ossuary)
  A leopard gecko zombie (D:8)
  A quokka zombie (D:9)
  8 rats
327 creatures vanquished.

Vanquished Creatures (collateral kills)
  A ghoul (D:13)
  A vault guard (D:13)
  2 hydras (Lair:2)
  A catoblepas (Lair:3)
  2 tengu warriors
  2 skeletal warriors (D:11)
  An unseen horror (D:12)
  A wolf spider zombie (D:13)
  A deep elf pyromancer (D:12)
  2 ugly things
  4 oklob plants (Lair:2)
  5 cane toads
  2 black mambas (Lair:1)
  A gargoyle (D:14)
  A torpor snail (Lair:2)
  A centaur skeleton (D:15)
  2 rime drakes (Lair:3)
  A kobold demonologist (D:11)
  A tengu conjurer (D:10)
  A troll (D:11)
  Prince Ribbit (D:7)
  A blink frog (Lair:3)
  4 wyverns
  11 yaks
  A basilisk (Lair:3)
  2 steam dragons (D:8)
  A swamp worm (Lair:2)
  3 water moccasins (Lair:1)
  A soldier ant (D:10)
  An ice beast (D:12)
  4 sky beasts
  An ogre (D:8)
  A hornet zombie (D:9)
  7 wolves
  2 centaurs (D:10)
  A kobold brigand (D:11)
  4 bullfrogs
  5 scorpions
  4 wights
  5 killer bees (D:11)
  2 bullfrog zombies (D:13)
  3 centaur zombies (Ossuary)
  A jelly (D:12)
  A hound (D:5)
  A gnoll shaman (D:5)
  2 orc priests (D:12)
  2 bullfrog skeletons
  4 worker ants
  2 iguanas
  5 orc wizards
  A hound zombie (D:10)
  3 mummies
  5 adders
  7 gnolls
  3 scorpion zombies (Ossuary)
  2 shadow imps
  2 worms
  14 orcs
  A ball python (D:4)
  A jackal (D:4)
  2 kobolds
  A gnoll zombie (Ossuary)
  3 hobgoblin zombies (Ossuary)
  A kobold zombie (Ossuary)
  An orc zombie (Ossuary)
  A rat (D:3)
  A bush (Lair:1)
165 creatures vanquished.

Vanquished Creatures (others)
  18 battlemagi
  6 fungi
  17 plants
  8 withered plants (D:13)
49 creatures vanquished.

Grand Total: 541 creatures vanquished

Notes
Turn   | Place    | Note
-------+----------+-------------------------------------------
     0 | D:1      | dickylongcocking the Merfolk Monk began the quest for the
                  | Orb.
     0 | D:1      | Reached XP level 1. HP: 18/18 MP: 1/1
   153 | D:1      | Reached skill level 5 in Polearms
   153 | D:1      | Reached XP level 2. HP: 24/24 MP: 2/2
   579 | D:1      | Reached XP level 3. HP: 29/29 MP: 3/3
  1755 | D:2      | Reached XP level 4. HP: 35/35 MP: 4/4
  2218 | D:2      | Found a hazy altar of Hepliaklqana.
  2223 | D:2      | Became a worshipper of Hepliaklqana the Forgotten
  2223 | D:2      | Reached * piety under Hepliaklqana
  2223 | D:2      | Reached ** piety under Hepliaklqana
  2224 | D:2      | Remembered your ancestor Xochipepe as a battlemage
  2441 | D:3      | You fall into a shaft and drop 2 floors!
  2441 | D:5      | Entered Level 5 of the Dungeon
  2463 | D:5      | Reached XP level 5. HP: 29/37 MP: 3/5
  2616 | D:5      | Identified a sapphire hand axe
  2617 | D:5      | Reached XP level 6. HP: 24/44 MP: 6/6
  2638 | D:5      | HP: 1/44 [Xochipepe the battlemage/+0 quarterstaff[the
                  | player character] (7)]
  3011 | D:5      | Found a staircase to the Ecumenical Temple.
  3020 | D:5      | Reached skill level 5 in Fighting
  3024 | Temple   | Entered the Ecumenical Temple
  3287 | D:4      | Found a glowing silver altar of Zin.
  3298 | D:4      | Noticed an angel
  3310 | D:4      | Found a shimmering altar of Xom.
  3434 | D:4      | Found Tutin's Jewellery Emporium.
  3732 | D:3      | Found a snail-covered altar of Cheibriados.
  4051 | D:3      | Found a burning altar of Makhleb.
  4060 | D:3      | Reached XP level 7. HP: 50/50 MP: 7/7
  4308 | D:3      | Found a faded altar of an unknown god.
  4451 | D:5      | Reached skill level 10 in Polearms
  4981 | D:5      | Reached XP level 8. HP: 50/58 MP: 8/8
  5282 | D:5      | Reached skill level 5 in Dodging
  5378 | D:6      | Reached *** piety under Hepliaklqana
  5896 | D:6      | Found Qaecoganoa's Assorted Antiques.
  5986 | D:6      | Found a sand-covered staircase.
  6023 | Ossuary  | Entered an ossuary
  6177 | Ossuary  | Reached skill level 6 in Dodging
  6407 | Ossuary  | Reached skill level 7 in Dodging
  6407 | Ossuary  | Reached XP level 9. HP: 35/66 MP: 9/9
  6885 | D:6      | Reached **** piety under Hepliaklqana
  7540 | D:7      | Reached skill level 1 in Armour
  7750 | D:7      | Noticed Prince Ribbit
  7760 | D:7      | Killed Prince Ribbit
  7761 | D:7      | Reached skill level 8 in Dodging
  8561 | D:8      | Noticed a two-headed ogre
  8670 | D:8      | Reached skill level 1 in Invocations
  8675 | D:8      | Reached skill level 9 in Dodging
  8977 | D:8      | Killed a two-headed ogre
  8978 | D:8      | Reached XP level 10. HP: 49/74 MP: 10/12
  9221 | D:8      | Found a shadowy altar of Dithmenos.
  9828 | D:9      | Found a staircase to the Orcish Mines.
 10070 | D:9      | Found a staircase to the Lair.
 10162 | D:9      | Found a shimmering altar of Xom.
 10229 | D:9      | Reached skill level 10 in Fighting
 10229 | D:9      | Reached skill level 10 in Dodging
 10454 | D:9      | Found a blossoming altar of Fedhas.
 10460 | D:9      | Found an ornate altar of the Wu Jian Council.
 10483 | D:10     | Entered Level 10 of the Dungeon
 10741 | D:10     | Reached ***** piety under Hepliaklqana
 11196 | D:10     | Reached skill level 5 in Invocations
 11384 | D:10     | Noticed a tengu warrior
 11391 | D:10     | Reached XP level 11. HP: 38/82 MP: 9/14
 11402 | D:10     | Killed a tengu warrior
 11403 | D:10     | Reached skill level 11 in Dodging
 12038 | D:11     | Noticed rednaxela's ghost (journeyman FoAK)
 12042 | D:11     | Found a runed translucent door.
 12065 | D:11     | Noticed a skeletal warrior
 12066 | D:11     | Noticed a skeletal warrior
 12081 | D:11     | Killed a skeletal warrior
 12102 | D:11     | Killed a skeletal warrior
 12103 | D:11     | Reached skill level 5 in Armour
 12797 | D:11     | Noticed a purple ugly thing
 12813 | D:11     | Killed a purple ugly thing
 12903 | D:11     | Noticed a skeletal warrior
 12928 | D:11     | Killed a skeletal warrior
 13085 | D:11     | Noticed a cyclops
 13096 | D:11     | Killed a cyclops
 13643 | D:11     | Killed rednaxela's ghost
 13644 | D:11     | Reached skill level 12 in Dodging
 13693 | D:12     | Noticed a seven-headed hydra
 13707 | D:12     | Killed an unseen horror
 13708 | D:12     | Reached XP level 12. HP: 55/90 MP: 15/17
 13717 | D:12     | Killed a seven-headed hydra
 14516 | D:12     | Found Casu Qao's Antique Weapon Shop.
 14847 | D:13     | Found a shimmering blue altar of Sif Muna.
 14927 | D:13     | Noticed a ghoul
 15272 | D:14     | Noticed a boulder beetle
 15306 | D:14     | Noticed a six-headed hydra
 15307 | D:14     | Noticed a two-headed ogre
 15316 | D:15     | Entered Level 15 of the Dungeon
 15553 | D:15     | Reached skill level 13 in Dodging
 15781 | D:15     | Noticed a tengu warrior
 15799 | D:15     | Killed a tengu warrior
 16470 | D:13     | Noticed a vault guard
 16487 | D:13     | Killed a vault guard
 16772 | D:13     | Killed a ghoul
 16773 | D:13     | Reached XP level 13. HP: 43/98 MP: 12/20
 16865 | D:13     | Noticed a vault guard
 16880 | D:13     | Killed a vault guard
 16902 | D:13     | Noticed a vault guard
 17114 | D:4      | Bought the ring of Eptiuto {*Drain rF+ rC+ Slay+2} for 459
                  | gold pieces
 17255 | Lair:1   | Entered Level 1 of the Lair of Beasts
 17255 | Lair:1   | Found a transporter.
 17255 | Lair:1   | Noticed Rirgh's ghost (journeyman GrEE)
 17258 | Lair:1   | Found a transporter.
 17782 | Lair:1   | Reached skill level 14 in Dodging
 17947 | Lair:1   | Identified a scorched amber ring
 18266 | Lair:1   | Reached skill level 10 in Invocations
 20613 | Lair:2   | Identified a wavering brass ring
 20950 | Lair:2   | Found a staircase to the Swamp.
 21780 | Lair:3   | Reached XP level 14. HP: 90/107 MP: 22/22
 21848 | Lair:3   | Reached skill level 15 in Dodging
 24105 | Lair:4   | Found a runed translucent door.
 24162 | Lair:4   | Found a hole to the Spider Nest.
 24518 | Lair:4   | Noticed an entropy weaver
 24548 | Lair:4   | Slain by an entropy weaver

Illustrated notes

Levels and vault maps discovered:
D:1:      matt_arrival_los_fun, layout_basic
D:2:      layout_loops_ring, nzn_hepliaklqana_mist_gate
D:3:      layout_loops_ring, makhleb_blood_cavern_becter,
          kennysheep_slug_shrine, chequers_ecumenical_altar_grove
D:4:      layout_cave_pools, grunt_temple_overflow_order_and_chaos_1,
          serial_shops, shop, minmay_misc_feat_encased, minmay_fountain_box,
          kennysheep_generic_room_13
D:5:      layout_basic, minmay_temple_entry_proselytizer
D:6:      layout_layer_cave, nicolae_ossuary_entry_ruins, serial_shops, shop
D:7:      layout_loops_ring, uniq_prince_ribbit1
D:8:      layout_cave_pods, grunt_dithmenos_smoke, hangedman_misty_isle
D:9:      layout_cave_pools, amethyst_overflow_temple_binary, lair_entry_dummy,
          xom_teletrap_fun
D:10:     layout_basic
D:11:     layout_cave_pods, hellmonk_ghost_happy_afterlife
D:12:     layout_rooms, serial_shops, shop
D:13:     layout_basic, erik_vaults_2, basic_altar, serial_undead,
          serial_undead_d, serial_undead_a, serial_undead_e, serial_undead_e,
          serial_undead_b, serial_undead_b, serial_undead_b
D:14:     layout_small_grid, grunt_decor_fettered
D:15:     gammafunk_enter_depths_forms, layout_loops_cross,
          hangedman_decor_slide_cut
Temple:   jpeg_temple_clearing
Lair:1:   layout_regular_city, serial_forest, infiniplex_forest_lined_room_2,
          infiniplex_forest_corner_1, infiniplex_forest_lined_3_way,
          infiniplex_forest_lined_2, infiniplex_forest_straight_4,
          gammafunk_ghost_arena
Lair:2:   layout_long_grid, palyth_hydra_swamp_entry, grunt_megastairs_1,
          minmay_lair_oklob_chamber, infiniplex_staircase_pool
Lair:3:   nzn_winding_woodlands_stair_cross [nzn_winding_woodlands_5x15_crooked,
          nzn_winding_woodlands_center_pierced_h,
          nzn_winding_woodlands_5x15_parted, nzn_winding_woodlands_5x5_default,
          nzn_winding_woodlands_5x5_default, nzn_winding_woodlands_5x15_cabin,
          nzn_winding_woodlands_center_diamonds,
          nzn_winding_woodlands_5x15_default], layout_big_grid,
          minmay_shattered_shrine
Lair:4:   gammafunk_mikee_crab_dinner, layout_hall_layers,
          spider_nest_entry_funnel_web

Skill      XL: |  1  2  3  4  5  6  7  8  9 10 11 12 13 14 |
---------------+-------------------------------------------+-----
Polearms       | 5 6 7 8 9 10 11 12 | 12.3
Fighting       | 4 5 6 8 9 10 11 12 13 14 | 14.3
Dodging        | 7 9 10 12 13 14 15 | 15.7
Armour         | 3 4 5 7 8 |  8.9
Invocations    | 2 5 7 9 10 11 | 11.7
Stealth        | |  2.1

Action                   |  1- 3 |  4- 6 |  7- 9 | 10-12 | 13-15 || total
-------------------------+-------+-------+-------+-------+-------++-------
Melee: Spear             |   138 |   147 |   126 |   693 |   526 ||  1630
       Tailslap          |       |     2 |     2 |       |     1 ||     5
       Trident           |       |       |   212 |       |       ||   212
       Glaive            |       |       |       |       |    53 ||    53
Invok: Recall Ancestor   |       |     1 |     1 |     3 |     3 ||     8
       Ancestor Life: Ba |       |     1 |       |       |       ||     1
       Idealise          |       |       |     1 |     8 |     7 ||    16
       Transference      |       |       |       |       |     1 ||     1
Evoke: Wand              |       |       |       |     5 |       ||     5
       Phantom mirror    |       |       |       |     1 |     2 ||     3
  Use: Potion            |       |     2 |       |     1 |     6 ||     9
       Scroll            |       |       |    17 |    12 |     6 ||    35
 Stab: Sleeping          |     8 |     5 |       |       |     1 ||    14
       Distracted        |     1 |       |     3 |     8 |     7 ||    19
       Invisible         |       |       |       |     4 |       ||     4
Armor: Robe              |     4 |       |       |       |       ||     4
       Leather armour    |    10 |    16 |       |       |       ||    26
       Scale mail        |       |    11 |    42 |    96 |    54 ||   203
       Skin              |       |       |     1 |       |       ||     1
       Chain mail        |       |       |       |       |    55 ||    55
Dodge: Dodged            |    59 |    73 |   114 |   307 |   371 ||   924
Block: Other             |       |       |    50 |   111 |   104 ||   265
       Reflection        |       |       |     3 |     6 |     1 ||    10

Table legend: (Time is in decaauts)
 A = Elapsed time spent in this place.
 B = Non-inter-level travel time spent in this place.
 C = Inter-level travel time spent in this place.
 D = Time resting spent in this place.
 E = Time spent auto-exploring this place.
 F = Levels seen in this place.
 G = Mean time per level.
                   A        B        C        D        E       F      G
               +--------+--------+--------+--------+--------+-----+--------+
         Total |  23741 |  22915 |    826 |   3739 |  16039 |  21 | 1130.5 |
       Dungeon |  15864 |  15132 |    732 |   2307 |  10738 |  15 | 1057.6 |
        Temple |    129 |    116 |     13 |      0 |    115 |   1 |  129.0 |
          Lair |   7058 |   6977 |     81 |   1304 |   4812 |   4 | 1764.5 |
       Ossuary |    688 |    688 |      0 |    128 |    374 |   1 |  688.0 |
               +--------+--------+--------+--------+--------+-----+--------+

Top non-repeatable levels by time:
  Lair:2: 2657 daAuts
  Lair:3: 1761 daAuts
    D:11: 1658 daAuts
     D:5: 1548 daAuts
  Lair:1: 1466 daAuts
    D:10: 1441 daAuts
     D:6: 1439 daAuts
     D:1: 1421 daAuts
    D:12: 1371 daAuts
     D:7: 1211 daAuts
  Lair:4: 1172 daAuts
     D:8: 1165 daAuts
     D:3: 881 daAuts
    D:13: 858 daAuts
     D:2: 825 daAuts
